 Dungeon Crawl Stone Soup version 0.23-a0-87-g5f73bc1610 (webtiles) character file.

26 LLavrengius the Digger (level 3, 15/19 HPs)
             Began as a Gargoyle Earth Elementalist on Aug 14, 2018.
             Quit the game on level 2 of the Dungeon.
             The game lasted 00:03:17 (1235 turns).

LLavrengius the Digger (GrEE)                       Turns: 1235, Time: 00:03:18

Health: 15/19      AC:  9    Str: 11    XL:     3   Next: 8%
Magic:  2/6        EV: 12    Int: 16    God:
Gold:   57         SH:  0    Dex: 10    Spells: 5/6 levels left

rFire    . . .     SeeInvis .   n - +0 spear
rCold    . . .     Gourm    .   (no shield)
rNeg     + . .     Faith    .   l - +0 robe (curse)
rPois    ∞         Spirit   .   m - +2 helmet
rElec    +         Reflect  .   h - +0 cloak
rCorr    .         Harm     .   (no gloves)
MR       .....     Rnd*Tele +   (no boots)
Stlth    ++........             (no amulet)
HPRegen  0.06/turn              a - ring of teleportation (curse)
MPRegen  0.10/turn              (no ring)

@: no status effects
A: negative energy resistance 1, electricity resistance, unbreathing,
petrification resistance, rot immunity, AC +3
a: no special abilities


You were on level 2 of the Dungeon.
You were not hungry.

You visited 1 branch of the dungeon, and saw 2 of its levels.

You collected 57 gold pieces.

Inventory:

Hand Weapons
 n - a +0 spear (weapon)
Missiles
 b - 32 stones (quivered)
 e - 21 sling bullets
Armour
 h - a +0 cloak (worn)
 l - a cursed +0 robe (worn)
 m - a +2 helmet (worn)
Jewellery
 a - a cursed ring of teleportation (left hand)
 i - an uncursed ring of magical power {unknown}
Scrolls
 c - a scroll of amnesia {unknown}
 j - a scroll of enchant armour {unknown}
 k - a scroll of noise {unknown}
Potions
 f - 2 potions of curing {unknown}
 g - 2 potions of flight {unknown}
 o - a potion of degeneration {unknown}
Comestibles
 d - 4 rations


   Skills:
 + Level 0.2 Polearms
 + Level 1.7 Dodging
 + Level 2.4 Stealth
 + Level 0.2 Unarmed Combat
 + Level 2.3 Spellcasting
   Level 0.7 Transmutations
 + Level 4.2 Earth Magic


You had 5 spell levels left.
You knew the following spells:

 Your Spells              Type           Power        Failure   Level  Hunger
a - Sandblast             Erth           ###...       3%          1    #......

Your spell library contained the following spells:

 Spells                   Type           Power        Failure   Level  Hunger
 Stone Arrow              Conj/Erth      #.....       26%         3    ###....
 Passwall                 Tmut/Erth      #.......     11%         2    ###....
 Lee's Rapid Deconstruct  Erth           ###.......   67%         5    ######.
 Petrify                  Tmut/Erth      #.......     56%         4    #####..


Dungeon Overview and Level Annotations

Branches:
Dungeon (2/15)

Altars:


Innate Abilities, Weirdness & Mutations

You are resistant to torment.
Your stone body is resilient. (AC +3)
You are immune to poison.
You resist negative energy. (rN+)
You are resistant to electric shocks. (rElec)
You can survive without breathing.
You are immune to petrification.
You are immune to rotting.


Message History

The crimson imp blinks!
The leopard gecko bites you but does no damage.
Casting: Sandblast (safe; 3% risk of failure)
Confirm with . or Enter, or press ? or * to list all spells.
Aiming: Sandblast (safe; 3% risk of failure)
Press: ? - help, Shift-Dir - straight line, f - leopard gecko
Aim: a leopard gecko (clinging)
The blast of sand hits the leopard gecko.
The leopard gecko is almost dead.
b - 33 stones The leopard gecko misses you.
Casting: Sandblast (safe; 3% risk of failure)
Confirm with . or Enter, or press ? or * to list all spells.
Aiming: Sandblast (safe; 3% risk of failure)
Press: ? - help, Shift-Dir - straight line, f/p - leopard gecko
Aim: a leopard gecko (almost dead, clinging)
The blast of sand hits the leopard gecko.
You kill the leopard gecko!
b - 32 stones Are you sure you want to abandon this character and quit the game? (Confirm with "yes".)

#.....[...# .
#.........###
..#............
.l.........
#....%..#
#.....###...
#†#....... #.)#
##@# #.# #.#
#.# ... ###


There were no monsters in sight!

Vanquished Creatures
  A dart slug (D:1)
  A leopard gecko (D:2)
  3 bats
  2 goblins (D:1)
  7 hobgoblins
  A kobold (D:1)
  2 frilled lizards (D:1)
  3 rats
20 creatures vanquished.

Notes
Turn   | Place    | Note
-------+----------+-------------------------------------------
     0 | D:1      | LLavrengius the Gargoyle Earth Elementalist began the quest for the Orb.
     0 | D:1      | Reached XP level 1. HP: 10/10 MP: 3/3
   310 | D:1      | Reached XP level 2. HP: 11/15 MP: 1/5
   311 | D:1      | Reached skill level 4 in Earth Magic
  1217 | D:2      | Noticed a crimson imp
  1232 | D:2      | Reached XP level 3. HP: 15/19 MP: 3/6
  1235 | D:2      | Quit the game

Vault maps used:
D:1:      nagdon_arrival_double_spiral
D:2:      lemuel_coloured_pillars_altar, dancing_weapons_uskayaw, uniq_natasha

Skill      XL: |  1  2 |
---------------+-------+-----
Earth Magic    | 4 |  4.2
Polearms       | |  0.2
Dodging        | |  1.7
Stealth        | |  2.4
Unarmed Combat | |  0.2
Spellcasting   | |  2.3
Transmutations | |  0.7

Action                   || total
-------------------------++-------
Melee: Unarmed           ||    50
       Spear             ||    22
 Cast: Sandblast         ||    19
 Stab: Sleeping          ||     1
  Eat: Chunk             ||     1
Armor: Robe              ||    35
Dodge: Dodged            ||    55

Table legend:
 A = Non-vault XP
 B = Vault XP
 C = Vault XP percentage of total XP
 D = Non-vault monster count
 E = Vault monster count
 F = Vault count percentage of total count
 G = Total turns spent on level
                 A         B        C        D         E       F
            +---------+---------+-------+---------+---------+-------
      Total |      38 |       0 |   0.0 |      20 |       0 |   0.0
            +---------+---------+-------+---------+---------+-------
        D:1 |      26 |       0 |   0.0 |      14 |       0 |   0.0
        D:2 |      12 |       0 |   0.0 |       6 |       0 |   0.0
            +---------+---------+-------+---------+---------+-------
